 Dungeon Crawl Stone Soup version 0.20.1-1-g8b1a95d66d (webtiles) character file.

8558 Peloso the Carver (level 11, -3/72 (76) HPs)
             Began as a Minotaur Fighter on Dec 23, 2017.
             Was a High Priest of Okawaru.
             Engulfed by a death drake's foul pestilence (5 damage)
             ... on level 1 of the Abyss.
             The game lasted 00:22:32 (8783 turns).

Peloso the Carver (Minotaur Fighter)                Turns: 8783, Time: 00:22:44

HP:   -3/72 (76)    AC: 20    Str: 21    XL:     11   Next: 11%
MP:   19/19         EV:  8    Int:  8    God:    Okawaru [*****.]
Gold: 518           SH: 12    Dex: 16    Spells: 10/10 levels left

rFire    . . .     SeeInvis .   b - +7 falchion of Dissent {flame, MR+ MP+9}
rCold    . . .     Gourm    .   c - +0 shield
rNeg     . . .     Faith    .   y - +0 plate armour
rPois    .         Spirit   .   (helmet restricted)
rElec    .         Reflect  .   L - +1 cloak {MR+}
rCorr    .         Harm     .   t - +2 pair of gloves
MR       ++...     Rnd*Rage +   (no boots)
Stlth    ..........             v - amulet of rage
Regen    0.0/turn               p - +3 ring of dexterity
MPRegen  0.2/turn               I - +3 ring of intelligence

@: lethally poisoned (-3 -> -80), non-regenerating, badly diseased, slowed, very
slow
A: retaliatory headbutt, horns 2, talons 1, [berserk 3], [blurry vision 2],
[frail 2]
a: Heroism, Finesse, Renounce Religion, Evoke Berserk Rage


You were on level 1 of the Abyss.
You worshipped Okawaru.
Okawaru was extremely pleased with you.
You were not hungry.

You visited 2 branches of the dungeon, and saw 12 of its levels.
You visited the Abyss 1 time.
You also visited: Ossuary.

You collected 518 gold pieces.

Inventory:

Hand Weapons
 b - the +7 falchion of Dissent (weapon) {flame, MR+ MP+9}
   (You found it on level 7 of the Dungeon)

   It has been specially enchanted to burn those struck by it, causing extra
   injury to most foes and up to half again as much damage against particularly
   susceptible opponents.
   Big, fiery blades are also staple armaments of hydra-hunters.
   It affects your resistance to hostile enchantments.
   It affects your magic capacity (+9).
 O - a +2 falchion of slicing
Armour
 c - a +0 shield (worn)
 t - a +2 pair of gloves (worn)
 y - a +0 plate armour (worn)
 L - a +1 cloak of magic resistance (worn)
Jewellery
 p - a +3 ring of dexterity (left hand)
 v - an amulet of rage (around neck)
 I - a +3 ring of intelligence (right hand)
Wands
 k - a wand of paralysis (9/24)
 x - a wand of lightning (12/15)
 B - a wand of random effects (22/48)
 N - a wand of digging (14/24)
Scrolls
 d - 2 scrolls of recharging
 e - a scroll of teleportation
 i - 5 scrolls of remove curse
 s - a scroll of magic mapping
 u - 3 scrolls of amnesia
 w - 2 scrolls of fear
 F - a scroll of enchant weapon
 G - a scroll of fog
 J - a scroll of random uselessness {unknown}
 M - 2 scrolls of enchant armour {unknown}
 R - a scroll of silence {unknown}
Potions
 n - a potion of agility
 q - 2 potions of mutation
 z - 3 potions of invisibility
 A - 2 potions of haste
 E - 2 potions of berserk rage
 H - a potion of resistance
 K - a potion of flight
Books
 r - a book of Maledictions

   Spells                             Type                      Level
   a - Corona                         Hexes                        1
   b - Ensorcelled Hibernation        Hexes/Ice                    2
   c - Confuse                        Hexes                        3
   d - Tukima's Dance                 Hexes                        3
   e - Dazzling Spray                 Conjuration/Hexes            3
 C - a book of Changes

   Spells                             Type                      Level
   a - Beastly Appendage              Transmutation                1
   b - Sticks to Snakes               Transmutation                2
   c - Spider Form                    Transmutation/Poison         3
   d - Ice Form                       Ice/Transmutation            4
   e - Blade Hands                    Transmutation                5
Comestibles
 f - 6 bread rations
 g - 6 meat rations
 j - 10 royal jellies
 P - a fruit


   Skills:
 + Level 8.6 Fighting
 + Level 12.9 Long Blades
 + Level 10.2 Armour
 + Level 3.9 Dodging
 + Level 1.4 Stealth
 + Level 9.6 Shields


You had 10 spell levels left.
You didn't know any spells.

Dungeon Overview and Level Annotations

Branches:
Dungeon (12/15)            Temple (1/1) D:4            Lair (0/6) D:8
    Orc: D:9-12

Altars:
Cheibriados
Elyvilon
Fedhas
Hepliaklqana
Kikubaaqudgha
Makhleb
Nemelex Xobeh
Okawaru
Ru
Vehumet
Xom
Yredelemnul
The Shining One

Annotations:
D:11 Sonja


Innate Abilities, Weirdness & Mutations

You reflexively headbutt those who attack you in melee.
You have a pair of horns on your head.
You have sharp toenails.
[You have an uncontrollable temper.]
[Scrolls take you longer to read.]
[You are very frail. (-20% HP)]


Message History

You feel your flesh rotting away!
You feel as though you will be slow longer.
You feel very sick.
Found a lamp of fire.
You are engulfed in dark miasma.
You are more poisoned.
You feel your flesh rotting away!
* * * LOW HITPOINT WARNING * * *
x2 You feel very sick.
* * * LOW HITPOINT WARNING * * *
You feel very sick. The death drake breathes miasma at you.
The foul vapour engulfs you!
You feel extremely strange.
Your feet thicken and deform.
Your hooves expand and flesh out into feet!
Your toenails lengthen and sharpen.
You are engulfed in dark miasma.
You are more poisoned.
You feel your flesh rotting away!
You feel ill.
You die...

# .#.#..##...#
##..#..... #. .#
###...## .# .
.###. ##...## .
.# [ #....##.##
.#.
....##..##.§#
...# .#
..#...k## ...# .
###..§§##§.#
..#.....##§@§§.#
# ....###.§#§###
....# ###.§§#
.## #}.# ...
#..# #.. #..


You could see a death drake.

Vanquished Creatures
  A great orb of eyes (Abyss:1)
  A two-headed ogre (D:8)
  An unseen horror (D:12)
  The ghost of vlindergert the Cleaver, a novice MiFi of Makhleb (D:5)
  A komodo dragon (D:8)
  A queen bee (D:8)
  4 slime creatures (D:12)
  Eustachio (D:6)
  A wraith (D:9)
  2 wyverns (D:8)
  A steam dragon (D:8)
  Menkaure (Ossuary)
  An acid dragon (D:11)
  A sky beast (D:5)
  2 orc warriors
  2 ice beasts
  2 phantoms
  A black bear (D:9)
  5 ogres
  A necrophage (D:8)
  2 centaurs (D:5)
  3 crocodiles (D:8)
  A big kobold (D:7)
  3 bullfrogs
  A wyvern skeleton (D:8)
  A small abomination (Abyss:1)
  2 scorpions
  20 killer bees
  4 wights (D:7)
  A centaur zombie (D:6)
  4 bullfrog zombies
  A crimson imp (D:7)
  A quasit (D:7)
  4 orc priests
  Crazy Yiuf (D:7)
  A centaur skeleton (D:5)
  4 hounds
  An orc wizard (D:5)
  4 iguanas
  8 worker ants
  A hound zombie (D:5)
  2 mummies (Ossuary)
  4 gnolls (D:8)
  5 adders
  2 shadow imps
  3 oozes
  An adder zombie (D:7)
  5 worms
  2 dart slugs (D:3)
  7 leopard geckos
  15 orcs
  5 giant cockroaches
  3 goblins
  6 hobgoblins
  9 jackals
  2 quokkas
  A ball python (D:6)
  6 bats
  2 frilled lizards
  4 gnoll skeletons (Ossuary)
  2 gnoll zombies (Ossuary)
  3 goblin skeletons (Ossuary)
  3 goblin zombies (Ossuary)
  2 hobgoblin skeletons (Ossuary)
  4 hobgoblin zombies (Ossuary)
  A jackal zombie (D:5)
  3 kobolds
  2 kobold zombies (Ossuary)
  2 orc skeletons (Ossuary)
  3 orc zombies (Ossuary)
  4 rats
  3 rat skeletons (Ossuary)
  2 rat zombies (Ossuary)
217 creatures vanquished.

Vanquished Creatures (others)
  A mummy (Ossuary)
  An orc (D:8)
  A gnoll skeleton (Ossuary)
  A goblin skeleton (Ossuary)
  A goblin zombie (Ossuary)
  A hobgoblin skeleton (Ossuary)
  3 hobgoblin zombies (Ossuary)
  2 kobold skeletons (Ossuary)
  A kobold zombie (Ossuary)
  4 orc skeletons (Ossuary)
  An orc zombie (Ossuary)
  2 rat skeletons (Ossuary)
  3 rat zombies (Ossuary)
  A lurking horror (Abyss:1)
23 creatures vanquished.

Grand Total: 240 creatures vanquished

Notes
Turn   | Place    | Note
-------+----------+-------------------------------------------
     0 | D:1      | Peloso the Minotaur Fighter began the quest for the Orb.
     0 | D:1      | Reached XP level 1. HP: 19/19 MP: 0/0
   833 | D:2      | Reached XP level 2. HP: 27/27 MP: 1/1
  1178 | D:2      | Reached XP level 3. HP: 31/33 MP: 2/2
  1825 | D:3      | Reached skill level 3 in Long Blades
  2603 | D:4      | Reached XP level 4. HP: 29/40 MP: 3/3
  2702 | D:4      | Noticed an ogre
  2755 | D:4      | You fall through a shaft for 3 floors!
  2790 | D:7      | Noticed a big kobold
  2791 | D:7      | Noticed an ogre
  2793 | D:7      | Got a slimy falchion
  2802 | D:7      | Noticed an ogre
  2817 | D:7      | Noticed a bullfrog
  2826 | D:6      | Identified the +7 falchion of Dissent {flame, MR+ MP+9} (You found it on level 7 of the Dungeon)
  2828 | D:6      | Killed a bullfrog
  2828 | D:6      | Reached skill level 4 in Long Blades
  2828 | D:6      | Reached XP level 5. HP: 41/46 MP: 3/4
  2927 | D:6      | Reached skill level 5 in Armour
  2927 | D:6      | Reached skill level 1 in Dodging
  3054 | D:5      | Entered Level 5 of the Dungeon
  3127 | D:5      | Noticed a centaur
  3131 | D:5      | Killed a centaur
  3131 | D:5      | Reached XP level 6. HP: 47/53 MP: 5/5
  3150 | D:5      | Reached skill level 5 in Shields
  3153 | D:5      | Found a sand-covered staircase.
  3308 | Ossuary  | Entered an ossuary
  3649 | Ossuary  | Noticed Menkaure
  3654 | Ossuary  | Killed Menkaure
  3911 | D:5      | Reached skill level 5 in Long Blades
  3943 | D:5      | Noticed a sky beast
  3944 | D:5      | Noticed vlindergert's ghost (novice MiFi)
  3957 | D:5      | Killed a sky beast
  3957 | D:5      | Reached XP level 7. HP: 54/60 MP: 6/6
  3976 | D:5      | Killed vlindergert's ghost
  3976 | D:5      | Reached skill level 5 in Fighting
  3976 | D:5      | Reached skill level 6 in Long Blades
  3976 | D:5      | Reached skill level 1 in Stealth
  3979 | D:5      | Reached XP level 8. HP: 19/68 MP: 7/7
  4363 | D:5      | Reached skill level 7 in Long Blades
  4862 | D:4      | Found a staircase to the Ecumenical Temple.
  4873 | Temple   | Entered the Ecumenical Temple
  4953 | Temple   | Became a worshipper of Warmaster Okawaru
  5281 | D:4      | Reached skill level 8 in Long Blades
  5561 | D:6      | Noticed Eustachio
  5572 | D:6      | Killed Eustachio
  5632 | D:6      | Found Qaeraed's Armour Boutique.
  5931 | D:7      | Reached * piety under Okawaru
  5939 | D:7      | Reached skill level 9 in Long Blades
  5939 | D:7      | Reached XP level 9. HP: 66/75 MP: 8/8
  6093 | D:7      | Found a runed door.
  6097 | D:7      | Noticed Crazy Yiuf
  6208 | D:7      | Killed Crazy Yiuf
  6374 | D:7      | You fall through a shaft!
  6520 | D:8      | Reached ** piety under Okawaru
  6520 | D:8      | Reached skill level 10 in Long Blades
  6574 | D:8      | Noticed a queen bee
  6591 | D:8      | Killed a queen bee
  7001 | D:8      | Noticed a two-headed ogre
  7007 | D:8      | Killed a two-headed ogre
  7007 | D:8      | Reached *** piety under Okawaru
  7007 | D:8      | Reached skill level 11 in Long Blades
  7007 | D:8      | Reached XP level 10. HP: 72/86 MP: 9/9
  7495 | D:8      | Found a staircase to the Lair.
  7506 | D:8      | Reached **** piety under Okawaru
  7820 | D:9      | Reached skill level 12 in Long Blades
  8101 | D:9      | You fall through a shaft for 3 floors!
  8357 | D:12     | Killed an unseen horror
  8357 | D:12     | Reached ***** piety under Okawaru
  8357 | D:12     | Received a gift from Okawaru
  8357 | D:12     | Reached skill level 10 in Armour
  8457 | D:11     | Reached XP level 11. HP: 68/95 MP: 10/10
  8526 | D:11     | Noticed Sonja
  8533 | D:11     | Cast into level 1 of the Abyss (Sonja)
  8587 | Abyss:1  | Noticed a starcursed mass
  8599 | Abyss:1  | Noticed a green death
  8641 | Abyss:1  | Noticed a great orb of eyes
  8661 | Abyss:1  | Killed a great orb of eyes
  8749 | Abyss:1  | Noticed a wretched star
  8775 | Abyss:1  | Noticed a death drake
  8782 | Abyss:1  | HP: 2/73 [poisoned by a death drake (dark miasma)]
  8783 | Abyss:1  | Gained mutation: You have large cloven feet. [potion of mutation]
  8783 | Abyss:1  | Lost mutation: You have large cloven feet. [potion of mutation]
  8783 | Abyss:1  | Gained mutation: You have sharp toenails. [potion of mutation]
  8783 | Abyss:1  | Engulfed by a death drake's foul pestilence

Skill      XL: |  1  2  3  4  5  6  7  8  9 10 |
---------------+-------------------------------+-----
Fighting       | 4 5 6 7 8 |  8.6
Shields        | 4 5 6 7 8 9 |  9.6
Armour         | 4 5 6 7 8 10 | 10.2
Long Blades    | 3 4 5 6 9 11 12 | 12.9
Dodging        | 1 2 3 |  3.9
Stealth        | 1 |  1.4

Action                   |  1- 3 |  4- 6 |  7- 9 | 10-12 || total
-------------------------+-------+-------+-------+-------++-------
Melee: Long sword        |    75 |    10 |       |       ||    85
       Headbutt          |    11 |    14 |    51 |    55 ||   131
       Falchion          |       |    79 |   210 |   192 ||   481
  Use: Potion            |     4 |     2 |     3 |     3 ||    12
       Scroll            |       |     6 |       |    14 ||    20
  Eat: Chunk             |     5 |     4 |     8 |     6 ||    23
       Royal jelly       |       |       |     1 |       ||     1
Armor: Scale mail        |    24 |     1 |       |       ||    25
       Chain mail        |       |    53 |    75 |    13 ||   141
       Skin              |       |       |     2 |       ||     2
       Plate armour      |       |       |       |    81 ||    81
Dodge: Dodged            |    18 |    30 |    53 |    43 ||   144
Block: Shield            |    45 |    53 |    94 |    88 ||   280
       Rpst.: Long sword |     3 |     3 |       |       ||     6
       Falchion          |       |     7 |    14 |    14 ||    35
